 Dungeon Crawl Stone Soup version 0.31-a0-331-geda263fcf1 (webtiles) character file.

Game seed: 13573922610487691053

3581010 Shard1697 the Skinwalker (level 27, 318/318 HPs)
             Began as a Black Draconian Shapeshifter on July 19, 2023.
             Was a High Priest of Okawaru.
             Escaped with the Orb
             ... and 5 runes!
             The game lasted 02:21:45 (58978 turns).

Shard1697 the Skinwalker (DrSh)                    Turns: 58978, Time: 02:21:46

Health: 318/318    AC: 42    Str: 27    XL:     27
Magic:  35/35      EV: 31    Int: 10    God:    Okawaru [*****.]
Gold:   3116       SH: 17    Dex: 23    Spells: 27/43 levels left

rFire   + +          .
                       - Unarmed
rCold   + + .        B - +2 shield of Resistance {rF++ rC++ Will++}
rNeg    + + .        (body armour unavailable)
rPois   ∞            J - +2 hat {Will+}
rElec   +            r - +1 cloak "Tupimn" {Str+3 Dex+3}
rCorr   +            W - melded +2 pair of gloves {Dex+3}
SInv    .            X - melded +2 pair of boots of Feasting {Dex+4 SInv}
Will    +++++        j - amulet of regeneration
Stlth   ++           S - ring of Paranoia {rN+ EV+5 Str+5 Stlth+}
HPRegen 1.53/turn    N - ring "Erpholl" {rPois rCorr Int-3 Dex+2 Slay+5}
MPRegen 0.24/turn

%: clarity
@: statue-form, flying, studying Summonings, very slow
A: slow and powerful, torment resistance 1, flying, boosted hp, (breathe
lightning), AC +13, unfitting armour, big wings, electricity resistance,
cold-blooded, hooves 1, stinger 1, clarity, clumsy 1
0: Orb of Zot
}: 5/15 runes: serpentine, barnacled, slimy, silver, abyssal
a: Begin Untransformation, Renounce Religion, Heroism, Finesse, Duel


You escaped.
You worshipped Okawaru.
Okawaru was extremely pleased with you.
You were a living statue of rough stone.
You visited 11 branches of the dungeon, and saw 53 of its levels.
You visited the Abyss 3 times.
You also visited: Ossuary and Ice Cave.

You collected 5923 gold pieces.
You spent 2807 gold pieces at shops.

Inventory:

Armour
 n - a +6 tower shield
 r - the +1 cloak "Tupimn" (worn) {Str+3 Dex+3}
   (Okawaru gifted it to you on level 5 of the Vaults)

   Str:       It affects your strength (+3).
   Dex:       It affects your dexterity (+3).
 B - the +2 shield of Resistance (worn) {rF++ rC++ Will++}
   (You found it in an ice cave)

   rF:        It greatly protects you from fire.
   rC:        It greatly protects you from cold.
   Will:      It greatly increases your willpower.
 C - a +2 cloak of poison resistance
 J - a +2 hat of willpower (worn)
 U - the +3 Mad Mage's Maulers {Infuse+∞ VampMP -Cast}
   (You found it on level 3 of the Elven Halls)

   Infuse+∞: It empowers its wearer's blows with all of their magic.
   VampMP:    Blows struck in melee replenish the wearer's magic.
   -Cast:     It prevents spellcasting.
 V - the +2 hat of Gallantry {Int+2}
   (Okawaru gifted it to you on level 2 of the Vaults)

   Int:       It affects your intelligence (+2).
 W - a +2 pair of gloves of dexterity (melded)
 X - the +2 pair of boots of Feasting (melded) {Dex+4 SInv}
   (Okawaru gifted it to you on level 4 of the Depths)

   Dex:       It affects your dexterity (+4).
   SInv:      It lets you see invisible.
Jewellery
 g - the ring "Neicziv" {Wiz rN+ Int+3}
   (You found it on level 4 of the Shoals)

   [ring of wizardry]

   It improves your spell success rate.
   Int:       It affects your intelligence (+3).
   rN:        It protects you from negative energy.
 j - an amulet of regeneration (around neck)
 t - the ring "Piawk" {rF+ rC++}
   (You found it on level 4 of the Lair of Beasts)

   [ring of protection from fire]

   rF:        It protects you from fire.
   rC:        It greatly protects you from cold.
 y - the ring of Ebbu {rPois rF+ EV+5 Dex+4}
   (You took it off a draconian stormcaller on level 3 of the Realm of Zot)

   [ring of evasion]

   EV:        It affects your evasion (+5).
   Dex:       It affects your dexterity (+4).
   rF:        It protects you from fire.
   rPois:     It protects you from poison.
 G - the amulet of Qumipiub {RegenMP Int+3}
   (You found it on level 3 of the Elven Halls)

   [amulet of magic regeneration]

   It increases your rate of magic regeneration.
   Int:       It affects your intelligence (+3).
 K - a ring of see invisible
 N - the ring "Erpholl" (right fist) {rPois rCorr Int-3 Dex+2 Slay+5}
   (You bought it in a shop on level 2 of the Dungeon)

   [ring of resist corrosion]

   Int:       It affects your intelligence (-3).
   Dex:       It affects your dexterity (+2).
   Slay:      It affects your accuracy & damage with ranged weapons and melee
   (+5).
   rPois:     It protects you from poison.
   rCorr:     It protects you from acid and corrosion.
 S - the ring of Paranoia (left fist) {rN+ EV+5 Str+5 Stlth+}
   (You found it on level 5 of the Pits of Slime)

   [ring of evasion]

   EV:        It affects your evasion (+5).
   Str:       It affects your strength (+5).
   rN:        It protects you from negative energy.
   Stlth:     It makes you more stealthy.
Talismans
 I - a granite talisman
Wands
 i - a wand of roots (60)
 z - a wand of acid (11)
 D - a wand of paralysis (64)
 L - a wand of mindburst (24)
 T - a wand of digging (14)
Scrolls
 c - 21 scrolls of teleportation
 m - 6 scrolls of revelation
 o - 3 scrolls of blinking
 q - 4 scrolls of fog
 w - 5 scrolls of fear
 A - 3 scrolls of silence
 F - 9 scrolls of amnesia
 M - 39 scrolls of identify
 O - 13 scrolls of poison
Potions
 a - 14 potions of lignification
 b - 5 potions of berserk rage
 d - 4 potions of might
 e - 9 potions of curing
 f - 5 potions of cancellation
 h - 5 potions of ambrosia
 k - 9 potions of brilliance
 l - 6 potions of mutation
 p - 3 potions of resistance
 s - 8 potions of attraction
 u - 2 potions of magic
 x - 10 potions of heal wounds
 E - 8 potions of haste
 H - 7 potions of enlightenment
 R - a potion of invisibility
Miscellaneous
 P - a phantom mirror
 Q - a lightning rod (4/4)


   Skills:
 - Level 19.7 Fighting
 - Level 17.0 Dodging
 - Level 10.9 Stealth
 - Level 15.0 Shields
 - Level 21.5 Unarmed Combat
 + Level 8.8 Spellcasting
 - Level 14.2 Translocations
 - Level 13.1 Invocations
 - Level 11.4 Evocations
 - Level 23.9 Shapeshifting


You had 27 spell levels left.
You knew the following spells:

 Your Spells              Type           Power      Damage    Failure   Level
a - Blink                 Tloc           64%        N/A       1%          2
b - Passage of Golubria   Tloc           32%        N/A       1%          4
c - Apportation           Tloc           64%        N/A       1%          1
d - Borgnjor's Vile Clut  Necr/Erth      2%         N/A       99%         5
t - Manifold Assault      Tloc           32%        N/A       1%          4

Your spell library contained the following spells:

 Spells                   Type           Power      Damage    Failure   Level
 Lesser Beckoning         Tloc           64%        N/A       1%          2
 Momentum Strike          Conj/Tloc      36%        3d9       1%          2
 Gell's Gravitas          Tloc           32%        N/A       1%          3
 Teleport Other           Tloc           32%        N/A       1%          3
 Volatile Blastmotes      Fire/Tloc      36%        2d13      3%          3
 Iskenderun's Mystic Bla  Conj/Tloc      18%        2d6       12%         4
 Kiss of Death            Conj/Necr      16%        2d6       22%         1
 Magic Dart               Conj           16%        1d3       22%         1
 Necrotise                Necr           16%        1d4       22%         1
 Sandblast                Erth           8%         2d5       22%         1
 Shock                    Conj/Air       16%        1d4       22%         1
 Slow                     Hex            16%        N/A       22%         1
 Cigotuvi's Dreadful Rot  Necr/Pois/Air  8%         N/A       32%         2
 Ensorcelled Hibernation  Hex/Ice        8%         N/A       32%         2
 Passwall                 Tmut/Erth      3%         N/A       32%         2
 Searing Ray              Conj           8%         2d4       32%         2
 Wereblood                Tmut           4%         N/A       32%         2
 Confusing Touch          Hex            4%         N/A       54%         3
 Dazzling Flash           Conj/Hex       8%         N/A       54%         3
 Frozen Ramparts          Ice            8%         1d2       54%         3
 Ignite Poison            Fire/Tmut/Pois 4%         N/A       54%         3
 Inner Flame              Hex/Fire       4%         N/A       54%         3
 Mephitic Cloud           Conj/Pois/Air  4%         N/A       54%         3
 Ozocubu's Armour         Ice            4%         N/A       54%         3
 Stone Arrow              Conj/Erth      8%         3d7       54%         3
 Swiftness                Air            4%         N/A       54%         3
 Vampiric Draining        Necr           4%         2d6       54%         3
 Airstrike                Air            2%         2d(1-17)  91%         4
 Anguish                  Hex/Necr       2%         N/A       91%         4
 Cause Fear               Hex            2%         N/A       91%         4
 Flame Wave               Conj/Fire      4%         2d5       91%         4
 Fulminant Prism          Conj/Hex       2%         3d5       91%         4
 Olgreb's Toxic Radiance  Pois           4%         N/A       91%         4
 Petrify                  Tmut/Erth      4%         N/A       91%         4
 Sticky Flame             Conj/Fire      4%         2d3       91%         4
 Agony                    Necr           4%         N/A       99%         5
 Alistair's Intoxication  Tmut/Pois      2%         N/A       99%         5
 Fireball                 Conj/Fire      2%         3d4       99%         5
 Freezing Cloud           Conj/Ice/Air   2%         6-21      99%         5
 Irradiate                Conj/Tmut      2%         3d12      99%         5
 Iskenderun's Battlesphe  Conj           4%         2d6       99%         5
 Lee's Rapid Deconstruct  Erth           2%         3d4*      99%         5
 Silence                  Hex/Air        2%         N/A       99%         5
 Yara's Violent Unravell  Hex/Tmut       2%         3d3       99%         5
 Conjure Ball Lightning   Conj/Air       2%         3x3d6     100%        6
 Eringya's Noxious Bog    Tmut/Pois      2%         4d6       100%        6
 Leda's Unmaking          Conj/Erth      2%         9d1       100%        6
 Plasma Beam              Fire/Air       2%         2x1d12    100%        6
 Enfeeble                 Hex            2%         N/A       100%        7
 Orb of Destruction       Conj           2%         9d5       100%        7
 Ozocubu's Refrigeration  Ice            2%         4d7       100%        7
 Discord                  Hex            2%         N/A       100%        8
 Ignition                 Fire           2%         3d3       100%        8
 Lehudib's Crystal Spear  Conj/Erth      2%         10d2      100%        8
 Polar Vortex             Ice            2%         N/A       100%        9
 Summon Small Mammal      Summ           Unusable   N/A       N/A         1
 Call Imp                 Summ           Unusable   N/A       N/A         2
 Sublimation of Blood     Necr           Unusable   N/A       N/A         2
 Summon Forest            Summ/Tloc      Unusable   N/A       N/A         5
 Tukima's Dance           Hex            Unusable   N/A       N/A         3
 Animate Armour           Summ/Erth      Unusable   N/A       N/A         4
 Summon Lightning Spire   Summ/Air       Unusable   N/A       N/A         4
 Simulacrum               Ice/Necr       Unusable   N/A       N/A         6
 Spellforged Servitor     Conj/Summ      Unusable   N/A       N/A         7
 Summon Hydra             Summ           Unusable   N/A       N/A         7
 Dragon's Call            Summ           Unusable   N/A       N/A         9

Dungeon Overview and Level Annotations

Branches:
Dungeon (15/15)            Temple (1/1) D:4            Lair (5/5) D:8
 Shoals (4/4) Lair:2        Snake (4/4) Lair:3        Slime (5/5) Lair:5
    Orc (2/2) D:10            Elf (3/3) Orc:2        Vaults (5/5) D:14
  Crypt (0/3) Vaults:3     Depths (4/4) D:15            Zot (5/5) Depths:4
Ossuary (visited)           IceCv (visited)

Altars:
Ashenzari
Cheibriados
Dithmenos
Elyvilon
Fedhas
Gozag
Hepliaklqana
Kikubaaqudgha
Makhleb
Nemelex Xobeh
Okawaru
Qazlal
Ru
Sif Muna
Trog
Uskayaw
Vehumet
Wu Jian
Xom
Yredelemnul
Zin
The Shining One
Jiyva
Lugonu

Shops:
D:2 =   D:8 *   Orc:2 *:*(!   Elf:3 =*   Shoals:1 :   Snake:1 :=:   Vaults:2 (
Vaults:3 [   Vaults:4 (

Portals:
Hell: Depths:1 Depths:2 Depths:3 Depths:4
Abyss: Depths:2 Depths:3
Pandemonium: Orc:2 Depths:2 Depths:4
Ziggurat: Depths:3

Annotations:
D:5 2 transporters
Lair:5 3 runed translucent doors, porpoise's ghost, journeyman KoHu
Shoals:1 Roxanne
Zot:2 Parghit
Zot:5 1 transporter


Innate Abilities, Weirdness & Mutations

You are a living statue of rough stone.
Your actions are slow, but your melee attacks are powerful.
You are resistant to unholy torment.
You are flying.
Your maximum health is greatly increased.
Your equipment is partially melded.
((You can breathe wild blasts of lightning.))
((Your glossy black scales are hard. (AC +13)))
You cannot fit into any form of body armour.
You are immune to poison.
Your large and strong wings let you fly.
You are resistant to electric shocks. (rElec)
You are cold-blooded and may be slowed by cold attacks.
You have large cloven feet.
Your tail ends in a venomous barb.
You possess an exceptional clarity of mind.
You are clumsy. (Dex -2)


Message History

Okawaru accepts your kill.
The red devil hits you but does no damage.
The red devil completely misses you. The red devil closely misses you.
You pummel the red devil like a punching bag!!!
You kill the red devil!
Okawaru accepts your kill.
No reachable target in view!
No reachable target in view!
An Ice Fiend comes into view.
You closely miss the Ice Fiend. You tail-slap the Ice Fiend.
The Ice Fiend is poisoned.
The Ice Fiend is lightly wounded.
The Ice Fiend barely misses you. You block the Ice Fiend's attack.
You hit the Ice Fiend but do no damage. Your kick misses the Ice Fiend.
The Ice Fiend is lightly wounded.
The Ice Fiend claws you but does no damage.
You block the Ice Fiend's attack.
A sixfirhy comes into view.
You pummel the Ice Fiend!! You kick the Ice Fiend.
The Ice Fiend is moderately wounded.
The Ice Fiend misses you. You block the Ice Fiend's attack.
You pulverise the Ice Fiend!!!
You kick the Ice Fiend, but do no damage.
Your tail-slap misses the Ice Fiend.
The Ice Fiend is severely wounded.
You block the Ice Fiend's attack. The Ice Fiend misses you.
You squash the Ice Fiend like an ant!!!
You kill the Ice Fiend!
Okawaru accepts your kill.
You pulverise the sixfirhy!!!
You kill the sixfirhy!
Okawaru accepts your kill.
There is a staircase leading out of the dungeon here.
Really quaff the potion of mutation?
You feel extremely strange.
Your magical essence no longer links to wands of the dungeon.
You feel healthier.
Your hooves expand and flesh out into feet!
Your feet thicken and deform.
You have escaped!

#.# #.# #..### #.# #.# #..... #.#
#.##### ###....( #.# #.....#
##...†### #.#
############.###.###........ #.#
#.....................##.##.
#.####.....................##.##.
........#################..##.##.
#..##...#≈§§§≈§§8§≈§≈≈≈≈#..##.##.
##.##...#§§≈≈§§≈.§≈§§≈≈≈#..##.##.
#.##...#§§§§§§..§§≈≈≈≈≈#.....##.
#.##...#≈≈§§§.......§≈≈#..##.##.
##.##...#≈≈..§........≈≈#..##.##.
...##...#§.............§#..##.##.
#####...###..8.###.8..###..##.##.
#...#g#...)..)....#g#..##.##.
#...#######'''#######.....##.


There were no monsters in sight!

Vanquished Creatures
  the Royal Jelly (Slime:5)
  3 dread liches
  3 ancient liches
  Mennas (Depths:4)
  5 orbs of fire
  A juggernaut (Depths:4)
  2 royal mummies (Depths:3)
  A pandemonium lord (D:6)
  6 Killer Klowns
  Bai Suzhen (Shoals:4)
  3 curse toes
  8 golden dragons
  Nikola (Snake:4)
  A profane servitor (Zot:1)
  the Enchantress (Depths:2)
  3 bone dragons
  2 doom hounds (Zot:4)
  3 electric golems
  Jorgrun (D:13)
  14 tentacled monstrosities
  Mlioglotl (Shoals:1)
  Rupert (Lair:5)
  2 deep elf blademasters (Elf:3)
  5 liches
  27 Orb Guardians
  2 titans
  An Ice Fiend (D:1)
  Grunn (Zot:4)
  14 acid blobs
  8 quicksilver dragons
  2 deep elf master archers (Elf:3)
  The ghost of Iluymox the Imperceptible, an adept KoBr of Hepliaklqana (Vaults:2)
  7 sphinxes
  14 tentacled starspawn
  Polyphemus (Shoals:3)
  Gastronok (Lair:2)
  Frances (Shoals:1)
  The ghost of Tainn the Hoplite, an adept MiFi of Okawaru (Shoals:2)
  15 death cobs
  6 nagarajas
  17 storm dragons
  15 shadow dragons
  A fenstrider witch (shapeshifter) (Vaults:5)
  4 draconian monks
  16 rockslimes
  4 tengu reavers
  5 fire giants
  11 azure jellies
  4 iron dragons
  A balrug (D:1)
  8 frost giants
  3 draconian knights (Zot:4)
  8 deep elf sorcerers
  2 draconian scorchers
  6 ghost moths
  21 vault wardens
  Louise (Shoals:1)
  4 draconian stormcallers
  27 ironbound preservers
  A juggernaut zombie (Abyss:4)
  3 orc warlords (Vaults:4)
  4 draconian annihilators
  9 ironbound thunderhulks
  7 draconian shifters
  4 spriggan defenders (Depths:2)
  4 war gargoyles
  2 cacodemons
  3 formless jellyfish
  18 quicksilver oozes
  19 stone giants
  25 very ugly things
  2 green draconians
  The ghost of croobank the Fighter, a journeyman DsMo of Jiyva (D:14)
  A caustic shrike skeleton (Depths:1)
  3 vampire knights
  6 spark wasps
  7 yellow draconians
  6 deep elf annihilators
  6 purple draconians
  6 dire elephants
  4 deep elf demonologists
  6 black draconians
  5 white draconians
  9 red draconians
  6 deep elf death magi
  4 merfolk javelineers
  2 blizzard demons
  Snorg (Lair:4)
  3 crystal guardians
  An eidolon (Abyss:3)
  Josephine (D:15)
  2 mummy priests (Depths:3)
  2 fire dragons
  12 merfolk impalers
  16 yaktaur captains
  A green death (D:11)
  A quicksilver dragon zombie (Abyss:4)
  3 deep elf high priests
  2 jiangshi (Depths:3)
  14 ettins
  20 great orbs of eyes
  An entropy weaver (Vaults:4)
  7 ice dragons
  3 peacekeepers
  2 rakshasas
  34 vault guards
  A merfolk avatar (Shoals:1)
  2 spriggan air magi
  3 salamander tyrants (Snake:4)
  13 centaur warriors
  17 anacondas
  A demonspawn (Orc:2)
  An ogre mage (Vaults:5)
  A death knight (D:13)
  2 caustic shrike simulacra (IceCv)
  4 hydras
  An alligator snapping turtle (Shoals:4)
  8 merfolk aquamancers
  5 catoblepae
  13 ironbound frosthearts
  An anaconda (shapeshifter) (Depths:4)
  A jorogumo (shapeshifter) (Abyss:4)
  2 boulder beetles
  26 dancing weapons
  4 two-headed ogres
  19 death yaks
  2 satyrs (Shoals:3)
  A hell hog (Depths:4)
  5 deep troll shamans
  7 tengu warriors
  16 naga warriors
  13 thrashing horrors
  4 orc high priests (Orc:2)
  8 deep troll earth magi
  16 deep elf knights
  A spriggan berserker (Depths:4)
  A vampire mage (Depths:3)
  A hell knight (Abyss:4)
  16 wretched stars
  Sonja (D:12)
  10 shock serpents
  16 naga sharpshooters
  10 iron trolls
  12 sun demons
  2 shadow wraiths (Vaults:5)
  12 skysharks
  A spatial maelstrom (Abyss:3)
  7 sixfirhies
  3 soul eaters
  6 salamander mystics
  73 deep trolls
  11 skeletal warriors
  A storm dragon skeleton (Depths:2)
  7 glowing orange brains
  13 sea snakes
  8 naga ritualists
  7 spriggan simulacra (IceCv)
  2 flayed ghosts
  A shadow demon (D:5)
  16 ironbound convokers
  A spark wasp zombie (Depths:1)
  9 lindwurms
  2 obsidian statues
  9 wizards
  17 deep elf zephyrmancers
  12 orc knights
  4 deep elf archers
  8 orc sorcerers (Orc:2)
  14 mana vipers
  A lindwurm (shapeshifter) (Elf:2)
  14 harpies
  5 necromancers
  34 ugly things
  16 manticores
  7 phantasmal warriors
  6 shining eyes
  5 oklob plants
  14 fauns
  17 salamanders
  A wolf spider (Vaults:5)
  A will-o-the-wisp (Abyss:4)
  24 deep elf pyromancers
  4 worldbinders
  6 cyclopes
  30 moths of wrath
  An iron dragon zombie (Depths:2)
  15 elephants
  9 guardian serpents
  2 rust devils
  A guardian serpent (shapeshifter) (Vaults:4)
  55 black mambas
  A stone giant skeleton (Depths:1)
  6 apocalypse crabs
  An elephant (shapeshifter) (Depths:3)
  13 vault sentinels
  56 slime creatures
  5 water nymphs
  9 merfolk sirens
  2 torpor snails (Lair:2)
  2 frost giant skeletons
  3 orange demons
  10 naga magi
  A torpor snail (shapeshifter) (Depths:4)
  A dire elephant zombie (Abyss:3)
  5 smoke demons
  A gargoyle (D:12)
  2 eyes of devastation
  12 cane toads
  2 efreet
  A spriggan zombie (Depths:1)
  25 yaktaurs
  3 hellions
  2 unseen horrors
  4 rime drakes
  7 komodo dragons
  A kobold demonologist (Abyss:3)
  A yaktaur (shapeshifter) (Abyss:3)
  2 anaconda simulacra (IceCv)
  3 freezing wraiths
  2 yaktaur skeletons (Vaults:3)
  4 guardian mummies (Depths:3)
  8 ice devils
  6 tengu conjurers
  61 starcursed masses
  3 polar bears
  3 ancient zymes
  A red devil (D:1)
  5 trolls
  9 hellwings
  33 merfolk
  5 hornets (Lair:3)
  3 meliai (D:13)
  A meliai (shapeshifter) (Elf:2)
  5 wind drakes
  14 blink frogs
  A hornet (shapeshifter) (Vaults:5)
  8 dream sheep (Shoals:1)
  A dream sheep (shapeshifter) (Vaults:4)
  7 raiju
  8 snapping turtles
  A frost giant simulacrum (Depths:1)
  6 flying skulls (Abyss:4)
  5 spriggans (Depths:2)
  3 air elementals
  18 water elementals
  82 yaks
  5 wyverns
  2 yaks (shapeshifter)
  2 vampires
  6 ynoxinuls
  5 wraiths
  3 fire bats (Abyss:4)
  4 basilisks
  2 dire elephant simulacra (IceCv)
  A steam dragon (Lair:2)
  5 fire elementals
  4 chaos spawn
  A redback (shapeshifter) (Vaults:5)
  22 golden eyes
  8 neqoxecs
  23 large abominations
  3 vampire mosquitoes (D:12)
  2 wargs
  36 nagas
  12 minotaur simulacra (IceCv)
  5 harpy simulacra
  A glowing shapeshifter zombie (Vaults:3)
  A hydra simulacrum (Abyss:3)
  2 floating eyes
  3 floating eyes (shapeshifter)
  20 water moccasins
  2 ettin simulacra (IceCv)
  39 orc warriors
  A sky beast (D:6)
  An alligator simulacrum (IceCv)
  2 ice beasts
  A black bear (shapeshifter) (Vaults:5)
  4 ogres
  5 centaurs
  A boggart (Vaults:2)
  An ogre (shapeshifter) (Vaults:5)
  12 wolves
  2 elf zombies (Ossuary)
  A phantom (D:6)
  3 earth elementals
  3 gnoll sergeants
  13 small abominations
  9 bullfrogs
  A necrophage (D:6)
  10 deep troll simulacra (IceCv)
  2 scorpions
  An elf skeleton (D:5)
  7 wights
  A water moccasin zombie (D:6)
  6 killer bees (D:9)
  2 lindwurm simulacra (IceCv)
  3 electric eels
  8 howler monkeys
  A quasit (Abyss:4)
  4 bullfrog zombies (D:6)
  2 jellies
  22 orc priests
  2 hounds
  4 centaur zombies (Ossuary)
  8 human zombies
  A gnoll bouda (Orc:1)
  A sleepcap (D:4)
  An iguana (D:6)
  4 human skeletons
  17 orc wizards
  A killer bee zombie (D:6)
  6 mummies
  A howler monkey zombie (D:6)
  7 adders
  23 gnolls
  A shadow imp (Abyss:4)
  A white imp (Abyss:1)
  4 ufetubi
  A worm (D:3)
  A dart slug (D:3)
  55 orcs
  6 bats
  5 endoplasms
  11 giant cockroaches
  7 goblins
  9 hobgoblins
  7 jackals
  10 kobolds
  3 quokkas
  8 ball pythons
  A frilled lizard (D:1)
  An orc zombie (D:5)
  4 rats (D:1)
  A lurking horror (Abyss:4)
  6 starspawn tentacles
2458 creatures vanquished.

Vanquished Creatures (others)
  A blizzard demon (IceCv)
  A sun demon (D:1)
  A deep elf knight (Elf:2)
  A bog body (IceCv)
  2 wizards
  A deep elf zephyrmancer (Elf:1)
  2 small abominations (Abyss:4)
  A boggart (Elf:1)
  2 orcs
  A lurking horror (Abyss:4)
  28 starspawn tentacles
41 creatures vanquished.

Grand Total: 2499 creatures vanquished

Notes
Turn   | Place    | Note
-------+----------+-------------------------------------------
     0 | D:1      | Shard1697 the Draconian Shapeshifter began the quest for
                  | the Orb.
     0 | D:1      | Reached XP level 1. HP: 17/17 MP: 1/1
   151 | D:1      | Reached XP level 2. HP: 24/24 MP: 2/2
   683 | D:2      | Reached XP level 3. HP: 26/29 MP: 3/3
   863 | D:2      | Found Agrearil's Jewellery Shoppe.
  1179 | D:2      | Reached XP level 4. HP: 17/36 MP: 4/4
  1978 | D:3      | Found a white marble altar of Elyvilon.
  2086 | D:3      | Reached skill level 5 in Unarmed Combat
  2225 | D:3      | Noticed an ogre
  2228 | D:3      | Identified the +6 whip of Raimucua {protect, Int+2 Dex+4}
  2488 | D:3      | Reached XP level 5. HP: 42/42 MP: 5/5
  2862 | D:4      | Noticed an ogre
  3020 | D:4      | Killed an ogre
  3021 | D:4      | Reached XP level 6. HP: 46/51 MP: 6/6
  3115 | D:4      | Found a radiant altar of Vehumet.
  3439 | D:4      | Found a staircase to the Ecumenical Temple.
  3591 | Temple   | Entered the Ecumenical Temple
  3626 | Temple   | Became a worshipper of Warmaster Okawaru
  3696 | D:5      | Entered Level 5 of the Dungeon
  3813 | D:5      | Reached skill level 4 in Shapeshifting
  3856 | D:5      | Found a sand-covered staircase.
  3900 | D:5      | Your scales start taking on a glossy black colour.
  3900 | D:5      | Reached XP level 7. HP: 42/58 MP: 7/7
  3900 | D:5      | Gained mutation: You are resistant to electric shocks.
                  | (rElec) [Black Draconian growth]
  3956 | Ossuary  | Entered an ossuary
  3988 | Ossuary  | Reached * piety under Okawaru
  3989 | Ossuary  | Reached skill level 5 in Shapeshifting
  4224 | Ossuary  | Reached skill level 6 in Shapeshifting
  4259 | Ossuary  | Reached XP level 8. HP: 64/66 MP: 8/8
  4381 | D:5      | Found a transporter.
  4381 | D:5      | Found a transporter.
  4398 | D:5      | Identified the +1 ring mail of the Unicorn {rElec rCorr}
  4481 | D:5      | Reached skill level 7 in Shapeshifting
  4493 | D:5      | Reached ** piety under Okawaru
  4823 | D:6      | Found a shadowy altar of Dithmenos.
  4953 | D:6      | Reached skill level 8 in Shapeshifting
  5002 | D:6      | Found an ancient bone altar of Kikubaaqudgha.
  5027 | D:6      | Reached skill level 1 in Invocations
  5252 | D:6      | Reached XP level 9. HP: 66/71 MP: 8/11
  6410 | D:8      | Identified the +1 whip of Classification {heavy, *Rage rF+
                  | Will+ Str+2}
  6654 | D:8      | Reached *** piety under Okawaru
  6743 | D:8      | Reached skill level 9 in Shapeshifting
  6748 | D:8      | Reached skill level 5 in Fighting
  6909 | D:8      | Found a staircase to the Lair.
  7082 | D:8      | Found Zutas's Assorted Antiques.
  7086 | D:8      | Bought a scroll of identify for 44 gold pieces
  7086 | D:8      | Bought a scroll of identify for 44 gold pieces
  7703 | D:9      | Reached skill level 5 in Invocations
  7732 | D:8      | Reached **** piety under Okawaru
  7796 | D:9      | Noticed a two-headed ogre
  7803 | D:9      | Reached XP level 10. HP: 66/84 MP: 9/13
  7806 | D:9      | Killed a two-headed ogre
  8399 | D:9      | Found a burning altar of Makhleb.
  8404 | D:9      | Identified the +8 whip of Xaphes {heavy, rElec rF+}
  8408 | D:9      | Found a hazy altar of Hepliaklqana.
  8410 | D:9      | Found a broken altar of Ashenzari.
  8417 | D:9      | Found an opulent altar of Gozag.
  8421 | D:9      | Found a sacrificial altar of Ru.
  8449 | D:10     | Entered Level 10 of the Dungeon
  8486 | D:10     | Found the +8 autumn katana {manifold assault}
  8495 | D:10     | Noticed an entropy weaver
  8498 | D:10     | an entropy weaver changed into a yak
  8677 | D:10     | Reached ***** piety under Okawaru
  8937 | D:10     | Found a staircase to the Orcish Mines.
  9089 | D:10     | Identified the +4 quarterstaff of Yeast {freeze, Str+3}
  9403 | D:10     | Noticed a two-headed ogre
  9409 | D:10     | Killed a two-headed ogre
  9410 | D:10     | Reached XP level 11. HP: 80/97 MP: 11/16
  9451 | D:11     | Received a gift from Okawaru
  9882 | D:11     | Reached skill level 10 in Unarmed Combat
 10086 | D:11     | Identified the amulet "Surphaxtunn" {Reflect -Cast *Slow
                  | Str+8 SH+5 Stlth+}
 10200 | D:11     | Noticed a centaur warrior
 10210 | D:11     | Killed a centaur warrior
 10591 | Orc:1    | Entered Level 1 of the Orcish Mines
 10724 | Orc:2    | Entered Level 2 of the Orcish Mines
 10735 | Orc:2    | Noticed an orc sorcerer
 10735 | Orc:2    | Noticed an orc knight
 10855 | Lair:1   | Entered Level 1 of the Lair of Beasts
 10886 | Lair:1   | Reached skill level 10 in Fighting
 11978 | D:2      | Bought the ring "Erpholl" {rPois rCorr Int-3 Dex+2 Slay+5}
                  | for 651 gold pieces
 12181 | Lair:1   | Reached skill level 5 in Dodging
 12687 | Lair:2   | Received a gift from Okawaru
 12758 | Lair:2   | Reached XP level 12. HP: 94/106 MP: 17/17
 12908 | Lair:2   | Found a staircase to the Shoals.
 13012 | Lair:2   | Noticed a boulder beetle
 13030 | Lair:2   | Noticed Gastronok
 13040 | Lair:2   | Killed a boulder beetle
 13113 | Lair:2   | Killed Gastronok
 13688 | Lair:2   | Noticed a six-headed hydra
 13688 | Lair:2   | Noticed a death yak
 13919 | Lair:2   | Received a gift from Okawaru
 13925 | Lair:2   | Killed a death yak
 13986 | Lair:2   | Killed a six-headed hydra
 14089 | Lair:2   | Reached XP level 13. HP: 110/113 MP: 18/18
 14103 | Lair:2   | Identified the ring of Urituud {*Slow rElec rPois MP+9
                  | Int+3}
 15099 | Lair:3   | Found a staircase to the Snake Pit.
 15378 | Lair:3   | Paralysed by a hornet for 1 turns
 15384 | Lair:3   | Received a gift from Okawaru
 15749 | Lair:4   | Identified the ring "Piawk" {rF+ rC++}
 15890 | Lair:4   | Reached skill level 10 in Dodging
 16139 | Lair:4   | Noticed Snorg
 16275 | Lair:5   | Entered Level 5 of the Lair of Beasts
 16298 | Lair:5   | Reached skill level 15 in Unarmed Combat
 16301 | Lair:5   | Identified the scarf of Okawaru's Castigation {harm, rElec
                  | Str+2 Int+2} (Okawaru gifted it to you on level 5 of the
                  | Lair of Beasts)
 16301 | Lair:5   | Received a gift from Okawaru
 16311 | Lair:5   | Reached skill level 1 in Stealth
 16670 | Lair:4   | Gained mutation: Your large and strong wings let you fly.
                  | [Black Draconian growth]
 16670 | Lair:4   | Reached XP level 14. HP: 80/122 MP: 13/19
 17179 | Lair:5   | Noticed porpoise's ghost (journeyman KoHu)
 17196 | Lair:5   | Found a runed translucent gate.
 17196 | Lair:5   | Found a runed translucent gate.
 17196 | Lair:5   | Found a runed translucent gate.
 17570 | Lair:5   | Noticed Rupert
 17668 | Lair:5   | Killed Rupert
 17678 | Lair:5   | Found a viscous altar of Jiyva.
 17678 | Lair:5   | Found a staircase to the Slime Pits.
 18169 | Lair:5   | Identified the +3 kite shield of the Original Sin {rPois
                  | rC+ Regen+ Str-4} (Okawaru gifted it to you on level 5 of
                  | the Lair of Beasts)
 18169 | Lair:5   | Received a gift from Okawaru
 18510 | Lair:5   | Reached skill level 5 in Stealth
 19010 | D:12     | Identified the +6 flail "Xeits" {pain, rPois}
 19104 | D:12     | Noticed Sonja
 19110 | D:12     | Reached skill level 1 in Evocations
 19113 | D:12     | Killed Sonja
 19887 | D:13     | Found a radiant altar of Vehumet.
 20110 | D:13     | Reached XP level 15. HP: 109/132 MP: 20/20
 20110 | D:13     | Noticed Jorgrun
 20360 | D:13     | Killed Jorgrun
 20643 | D:14     | Found a gate to the Vaults.
 21033 | D:14     | Received a gift from Okawaru
 21139 | D:14     | Found a runed translucent door.
 21139 | D:14     | Noticed croobank's ghost (journeyman DsMo)
 21253 | D:14     | Found an iron altar of Okawaru.
 21717 | D:14     | Killed croobank's ghost
 21790 | D:15     | Entered Level 15 of the Dungeon
 21863 | D:15     | Found a staircase to the Depths.
 21864 | D:15     | Noticed a fire giant
 22033 | D:15     | Killed a fire giant
 22264 | D:15     | Noticed Josephine
 22270 | D:15     | Killed Josephine
 22279 | D:15     | Reached skill level 5 in Evocations
 23019 | Snake:1  | Entered Level 1 of the Snake Pit
 23351 | Snake:1  | Found Kunkofegh's Book Shoppe.
 23353 | Snake:1  | Found Dots's Jewellery Shop.
 23354 | Snake:1  | Found Xyjuodu's Book Shoppe.
 23801 | Snake:1  | Identified the +0 hat of an ossuary {rCorr} (Okawaru gifted
                  | it to you on level 1 of the Snake Pit)
 23801 | Snake:1  | Received a gift from Okawaru
 23810 | Snake:1  | Reached skill level 10 in Shapeshifting
 24372 | Snake:1  | Found the +10 morningstar "Eos" {elec, Halo rElec}
 24394 | Snake:1  | Noticed a nagaraja
 24405 | Snake:1  | Killed a nagaraja
 24609 | Snake:2  | Reached XP level 16. HP: 105/143 MP: 21/21
 24815 | Snake:2  | Reached skill level 11 in Shapeshifting
 25361 | Snake:2  | Reached ****** piety under Okawaru
 25516 | Snake:3  | Reached skill level 12 in Shapeshifting
 25638 | Snake:3  | Found a transporter.
 25837 | Snake:3  | Found a transporter.
 25996 | Snake:3  | Found a transporter.
 26268 | Snake:3  | Reached skill level 13 in Shapeshifting
 26487 | Snake:3  | Found a transporter.
 26523 | Snake:3  | Found a transporter.
 26533 | Snake:3  | Received a gift from Okawaru
 27132 | Snake:4  | Entered Level 4 of the Snake Pit
 27193 | Snake:4  | Reached skill level 14 in Shapeshifting
 27695 | Orc:2    | Found Pyepayr's Overcharged Wands.
 27763 | Orc:2    | Found a staircase to the Elven Halls.
 27780 | Orc:2    | Found Hyrr's General Store.
 27884 | Orc:2    | Found Uppeow's Distillery.
 27911 | Orc:2    | Received a gift from Okawaru
 28309 | Orc:2    | Reached XP level 17. HP: 149/149 MP: 22/22
 28451 | Orc:2    | Found Cuck's Book Shoppe.
 28451 | Orc:2    | Found Qeibeupn's Antique Weapon Emporium.
 28452 | Orc:2    | Found a one-way gate leading to the halls of Pandemonium.
 29568 | Snake:1  | Bought a granite talisman for 1360 gold pieces
 29673 | Snake:2  | Learned a level 2 spell: Blink
 29684 | Snake:3  | Learned a level 4 spell: Passage of Golubria
 29700 | Snake:4  | Reached skill level 1 in Translocations
 29722 | Snake:4  | Reached skill level 15 in Shapeshifting
 29746 | Snake:4  | Noticed Nikola
 29759 | Snake:4  | Killed Nikola
 29975 | Snake:4  | Reached skill level 1 in Shields
 30074 | Snake:4  | Received a gift from Okawaru
 30439 | Snake:4  | Identified the +8 rapier "Celijif" {heavy, rC+ Str+2}
 30445 | Snake:4  | Reached skill level 5 in Shields
 30760 | Snake:4  | Reached skill level 5 in Translocations
 30773 | Snake:4  | Received a gift from Okawaru
 30999 | Snake:4  | Got a serpentine rune of Zot
 31149 | Shoals:1 | Entered Level 1 of the Shoals
 31157 | Shoals:1 | Reached skill level 1 in Spellcasting
 31360 | Snake:1  | Bought an Inescapable Atlas for 208 gold pieces
 31365 | Snake:1  | Learned a level 4 spell: Manifold Assault
 31437 | Shoals:1 | Noticed Mlioglotl
 31443 | Shoals:1 | Noticed a bone dragon
 31445 | Shoals:1 | Killed Mlioglotl
 31533 | Shoals:1 | Identified the -2 kite shield of Too Many Cooks {rCorr
                  | Int+4} (Okawaru gifted it to you on level 1 of the Shoals)
 31533 | Shoals:1 | Received a gift from Okawaru
 31579 | Shoals:1 | Noticed Frances
 31594 | Shoals:1 | Killed Frances
 31700 | Shoals:1 | Found Usepp's Book Emporium.
 31710 | Shoals:1 | Reached XP level 18. HP: 157/157 MP: 23/23
 31735 | Shoals:1 | Noticed Roxanne
 32002 | Shoals:1 | Noticed Louise
 32010 | Shoals:1 | Killed Louise
 32372 | Shoals:2 | Reached skill level 10 in Shields
 32452 | Shoals:2 | Identified the amulet "Sexkiecofo" {Acrobat rPois rC-
                  | Int+8}
 32563 | Shoals:2 | You are sucked into a shaft and drop 1 floor!
 32566 | Shoals:3 | Found a frozen archway.
 32577 | Shoals:3 | Reached skill level 10 in Translocations
 32605 | IceCv    | Entered an ice cave
 33117 | IceCv    | Found the +2 shield of Resistance {rF++ rC++ Will++}
 33521 | Shoals:2 | Found a runed translucent door.
 33524 | Shoals:2 | Noticed Tainn's ghost (adept MiFi)
 33538 | Shoals:2 | Killed Tainn's ghost
 33626 | Shoals:3 | Noticed Polyphemus
 33637 | Shoals:3 | Killed Polyphemus
 33652 | Shoals:3 | Received a gift from Okawaru
 33939 | Shoals:4 | Entered Level 4 of the Shoals
 34210 | Shoals:4 | Identified the ring "Neicziv" {Wiz rN+ Int+3}
 34260 | Shoals:4 | Noticed Bai Suzhen
 34274 | Shoals:4 | Killed Bai Suzhen
 34418 | Shoals:4 | Reached XP level 19. HP: 163/163 MP: 24/24
 34453 | Shoals:4 | Got a barnacled rune of Zot
 35239 | Elf:1    | Entered Level 1 of the Elven Halls
 35249 | Elf:1    | Received a gift from Okawaru
 36547 | Elf:2    | Paralysed by an air elemental for 1 turns
 36550 | Elf:2    | Paralysed by an air elemental for 1 turns
 36552 | Elf:2    | Paralysed by an air elemental for 1 turns
 36558 | Elf:2    | Paralysed by an air elemental for 1 turns
 36916 | Elf:2    | Found a runed translucent gate.
 36917 | Elf:2    | Found a runed translucent gate.
 36917 | Elf:2    | Found a runed translucent gate.
 37429 | Elf:2    | Identified the -2 pair of gloves "Tafooppo" {Str+2 Int+3}
                  | (Okawaru gifted it to you on level 2 of the Elven Halls)
 37429 | Elf:2    | Received a gift from Okawaru
 38432 | Elf:3    | Entered Level 3 of the Elven Halls
 38756 | Elf:3    | Found Ycatrogu's Jewellery Emporium.
 38830 | Elf:3    | Learned a level 1 spell: Apportation
 38992 | Elf:3    | Found Tul Emit's Mayhem Merchandise.
 39399 | Elf:3    | Received a gift from Okawaru
 39508 | Elf:3    | Found the +3 Mad Mage's Maulers {Infuse+∞ VampMP -Cast}
 39589 | Elf:3    | Identified the +5 dagger "Doir Riz" {freeze, rElec}
 39630 | Elf:3    | Identified the +7 halberd "Pumynkel" {venom, rElec rCorr
                  | Int+3 Stlth+}
 39630 | Elf:3    | Identified the ring of Day {rElec rC- MP+9 Int+3 SInv}
 39631 | Elf:3    | Found the +4 consecrated labrys {holy, Valiant Fragile Fly
                  | SInv}
 39655 | Elf:3    | Noticed a Tzitzimitl
 39670 | Elf:3    | Reached XP level 20. HP: 177/177 MP: 9/25
 39674 | Elf:3    | Identified the staff "Pezaf Kimp" {rElec MP-9 Dex+8 Stlth+
                  | Necro Air}
 39681 | Elf:3    | Identified the staff of the Dove {*Corrode rElec rPois rF+
                  | Will+ Air}
 39692 | Elf:3    | Identified the amulet of Qumipiub {RegenMP Int+3}
 39735 | Elf:3    | Identified the +1 short sword "Cuiruixi" {heavy, rC- rN+
                  | rCorr Dex+3}
 39737 | Elf:3    | Identified the +6 hand axe "Meash" {freeze, *Slow Str+4
                  | Int+2}
 40063 | Vaults:1 | Entered Level 1 of the Vaults
 40133 | Vaults:1 | Reached skill level 15 in Fighting
 40167 | Vaults:1 | Identified the +6 lajatang "Pun Heanyo" {drain, rPois MP+9
                  | Str-3 Int+7} (Okawaru gifted it to you on level 1 of the
                  | Vaults)
 40167 | Vaults:1 | Received a gift from Okawaru
 40386 | Vaults:1 | Found a crumbling gateway.
 40580 | Vaults:1 | Reached skill level 15 in Shields
 41266 | Vaults:2 | Identified the +2 hat of Gallantry {Int+2} (Okawaru gifted
                  | it to you on level 2 of the Vaults)
 41266 | Vaults:2 | Received a gift from Okawaru
 41667 | Vaults:2 | Found a large runed translucent door.
 41667 | Vaults:2 | Found a large runed translucent door.
 41668 | Vaults:2 | Noticed Iluymox's ghost (adept KoBr)
 41677 | Vaults:2 | Killed Iluymox's ghost
 41903 | Vaults:2 | Found Apoih's Antique Weapon Shoppe.
 42529 | Vaults:3 | Found Ucruph's Armour Emporium.
 42536 | Vaults:3 | Bought the +2 cloak of the Baku {Dex+3} for 500 gold pieces
 42606 | Vaults:3 | Reached XP level 21. HP: 189/189 MP: 26/26
 43066 | Vaults:3 | Found a staircase to the Crypt.
 43311 | Vaults:4 | Found Iqador's Weapon Emporium.
 43632 | Vaults:4 | Received a gift from Okawaru
 43809 | Vaults:4 | Reached skill level 15 in Dodging
 44194 | Vaults:4 | Noticed an ancient lich
 44218 | Vaults:4 | Killed an ancient lich
 45030 | Depths:1 | Entered Level 1 of the Depths
 45105 | Depths:1 | Found a gateway to Hell.
 45245 | Depths:1 | Identified the +2 pair of boots "Zoptu" {+Blink rPois Str+2
                  | Dex-4} (Okawaru gifted it to you on level 1 of the Depths)
 45245 | Depths:1 | Received a gift from Okawaru
 45374 | Depths:1 | Found a bloodstained altar of Trog.
 45504 | Depths:1 | Found a corrupted altar of Lugonu.
 45606 | Depths:1 | Reached XP level 22. HP: 203/203 MP: 27/27
 46408 | Depths:2 | Found a shadowy altar of Dithmenos.
 46445 | Depths:2 | Noticed the Enchantress
 46460 | Depths:2 | Killed the Enchantress
 46559 | Depths:2 | Found a one-way gate to the infinite horrors of the Abyss.
 46784 | Depths:2 | Identified the +0 pair of boots "Basmozxol" {rN+ Stlth+}
                  | (Okawaru gifted it to you on level 2 of the Depths)
 46784 | Depths:2 | Received a gift from Okawaru
 46982 | Depths:2 | Identified the +7 trident of the Skies Above {venom, rF+
                  | Str+2}
 47132 | Depths:3 | Paralysed by a floating eye for 2 turns
 47271 | Depths:3 | Found a one-way gateway to a ziggurat.
 47273 | Depths:3 | Paralysed by a floating eye for 2 turns
 47276 | Depths:3 | Reached skill level 16 in Shapeshifting
 47285 | Depths:3 | Paralysed by a floating eye for 2 turns
 47291 | Depths:3 | Paralysed by a floating eye for 4 turns
 47495 | Depths:3 | Found a sparkling altar of Nemelex Xobeh.
 47652 | Depths:3 | Identified the +0 hat of Dantin {-Cast Str+5 SInv} (Okawaru
                  | gifted it to you on level 3 of the Depths)
 47652 | Depths:3 | Received a gift from Okawaru
 47674 | Depths:3 | Got the Parchment of Blinking Rot
 47690 | Depths:3 | Learned a level 5 spell: Borgnjor's Vile Clutch
 47714 | Depths:3 | Noticed a royal mummy
 47723 | Depths:3 | Killed a royal mummy
 47767 | Depths:3 | Noticed a royal mummy
 47791 | Depths:3 | Killed a royal mummy
 47966 | Depths:3 | Got the Directory of White Hyperthermia
 48268 | Depths:4 | Entered Level 4 of the Depths
 48326 | Depths:4 | Reached skill level 17 in Shapeshifting
 48340 | Depths:4 | Identified the +0 pair of gloves of Worats {Int+3 SInv}
 48451 | Depths:4 | Reached XP level 23. HP: 213/213 MP: 24/28
 48533 | Depths:4 | Noticed a juggernaut
 48543 | Depths:4 | Killed a juggernaut
 48622 | Depths:4 | Noticed Mennas
 48654 | Depths:4 | Killed Mennas
 48833 | Depths:4 | Reached skill level 18 in Shapeshifting
 49012 | Depths:4 | Found a gate to the Realm of Zot.
 49419 | Depths:4 | Identified the +2 pair of boots of Feasting {Dex+4 SInv}
                  | (Okawaru gifted it to you on level 4 of the Depths)
 49419 | Depths:4 | Received a gift from Okawaru
 49442 | Depths:4 | Found a viscous altar of Jiyva.
 49566 | Depths:3 | Voluntarily entered the Abyss.
 49682 | Abyss:1  | Reached skill level 19 in Shapeshifting
 49770 | Abyss:2  | Found a corrupted altar of Lugonu.
 49803 | Abyss:3  | Found a corrupted altar of Lugonu.
 49861 | Abyss:3  | Found a corrupted altar of Lugonu.
 49893 | Abyss:3  | Found a corrupted altar of Lugonu.
 49988 | Abyss:3  | Paralysed by accursed screaming for 1 turns
 49997 | Abyss:3  | Paralysed by accursed screaming for 2 turns
 50194 | Abyss:3  | Found a corrupted altar of Lugonu.
 50248 | Depths:3 | Escaped the Abyss
 50628 | Lair:4   | Killed Snorg
 50629 | Lair:4   | Reached skill level 20 in Shapeshifting
 50699 | Lair:5   | Received a gift from Okawaru
 50727 | Slime:1  | Entered Level 1 of the Pits of Slime
 51020 | Slime:3  | Paralysed by a floating eye for 2 turns
 51203 | Slime:5  | Entered Level 5 of the Pits of Slime
 51234 | Slime:5  | Reached XP level 24. HP: 221/221 MP: 28/28
 51254 | Slime:5  | Noticed the Royal Jelly
 51270 | Slime:5  | Killed the Royal Jelly
 51463 | Slime:5  | Identified the +9 shortbow of Lust {flame, Fragile rElec
                  | Dex+3}
 51652 | Slime:5  | Got the Discursus on the Black Widow and Malediction
 51655 | Slime:5  | Identified the ring of the Dolphin {+Blink rElec rPois rN+
                  | Int-4}
 51661 | Slime:5  | Got a slimy rune of Zot
 51839 | Slime:5  | Identified the staff "Good" {rPois rN+ rCorr Necro}
 51858 | Slime:5  | Identified the ring of Paranoia {rN+ EV+5 Str+5 Stlth+}
 52366 | Vaults:5 | Entered Level 5 of the Vaults
 52369 | Vaults:5 | Noticed a dread lich
 52454 | Vaults:4 | Killed a dread lich
 52467 | Vaults:4 | Received a gift from Okawaru
 52705 | Vaults:5 | Reached skill level 10 in Stealth
 52710 | Vaults:5 | Identified the ring "Vuvoxaqi" {*Slow rF+ rN+ Slay+2}
 52803 | Vaults:5 | Got the Guide on Allied Attacks
 52907 | Vaults:5 | Identified the ring "Jizusm" {rPois rF- Will+ Int+3 Dex+6}
 52941 | Vaults:5 | Identified the +6 battleaxe "Yfrudet" {flame, +Blink}
 53052 | Vaults:5 | Got a silver rune of Zot
 53162 | Vaults:5 | Identified the +1 cloak "Tupimn" {Str+3 Dex+3} (Okawaru
                  | gifted it to you on level 5 of the Vaults)
 53162 | Vaults:5 | Received a gift from Okawaru
 53222 | Vaults:5 | Noticed an ancient lich
 53223 | Vaults:5 | Killed an ancient lich
 53481 | Vaults:5 | Identified the +2 buckler of Eternal Night {Harm Str+3}
 53721 | Vaults:5 | Reached XP level 25. HP: 231/231 MP: 30/30
 53738 | Vaults:5 | Reached skill level 10 in Invocations
 53792 | Vaults:5 | Identified the +0 chain mail "Guakhl Qaqi" {-Cast rElec
                  | rC+}
 54162 | Depths:2 | Voluntarily entered the Abyss.
 54169 | Abyss:3  | Found a corrupted altar of Lugonu.
 54197 | Abyss:4  | Found a corrupted altar of Lugonu.
 54201 | Abyss:4  | Found a corrupted altar of Lugonu.
 54240 | Abyss:4  | Paralysed by accursed screaming for 1 turns
 54269 | Abyss:4  | Gained mutation: You are dopey. (Int -2) [a neqoxec]
 54270 | Abyss:4  | Gained mutation: You sometimes lose your temper in combat.
                  | [a neqoxec]
 54363 | Depths:2 | Escaped the Abyss
 54379 | Depths:2 | Voluntarily entered the Abyss.
 54379 | Abyss:4  | Found a corrupted altar of Lugonu.
 54492 | Abyss:4  | Found a corrupted altar of Lugonu.
 54599 | Abyss:4  | Lost mutation: You are dopey. (Int -2) [potion of mutation]
 54599 | Abyss:4  | Lost mutation: You sometimes lose your temper in combat.
                  | [potion of mutation]
 54599 | Abyss:4  | Gained mutation: You have a pair of small horns on your
                  | head. [potion of mutation]
 54599 | Abyss:4  | Gained mutation: You expend magic power (3 MP) to
                  | strengthen your wands. [potion of mutation]
 54599 | Abyss:4  | Gained mutation: Your spells are a little easier to cast,
                  | but a little less powerful. [potion of mutation]
 54599 | Abyss:4  | Gained mutation: You are strong-willed. (Will+) [potion of
                  | mutation]
 54629 | Abyss:4  | Reached skill level 10 in Evocations
 54744 | Abyss:4  | Got an abyssal rune of Zot
 54746 | Abyss:4  | Paralysed by accursed screaming for 1 turns
 54751 | Abyss:4  | Received a gift from Okawaru
 54823 | Depths:2 | Escaped the Abyss
 54890 | Zot:1    | Entered Level 1 of the Realm of Zot
 55215 | Zot:2    | Noticed an orb of fire
 55216 | Zot:2    | Gained mutation: Your body sometimes deteriorates upon
                  | taking damage. [an orb of fire]
 55227 | Zot:2    | Killed an orb of fire
 55649 | Zot:3    | Identified the ring of Ebbu {rPois rF+ EV+5 Dex+4}
 55653 | Zot:3    | Reached skill level 21 in Shapeshifting
 55658 | Zot:3    | Identified the -1 buckler of the Wereyak {rN+} (Okawaru
                  | gifted it to you on level 3 of the Realm of Zot)
 55658 | Zot:3    | Received a gift from Okawaru
 55865 | Zot:3    | Noticed a dread lich
 55874 | Zot:3    | Killed a dread lich
 55875 | Zot:3    | Reached XP level 26. HP: 238/238 MP: 22/32
 55913 | Zot:3    | Identified the staff of Arrival {rF+ rN+ Necro Tloc}
 56126 | Zot:4    | Noticed an orb of fire
 56128 | Zot:4    | Gained mutation: You are dopey. (Int -2) [an orb of fire]
 56128 | Zot:4    | Gained mutation: You are clumsy. (Dex -2) [an orb of fire]
 56128 | Zot:4    | Noticed a dread lich
 56133 | Zot:4    | Killed an orb of fire
 56135 | Zot:4    | Noticed Grunn
 56151 | Zot:4    | Killed Grunn
 56175 | Zot:4    | Reached skill level 22 in Shapeshifting
 56324 | Zot:4    | Lost mutation: You have a pair of small horns on your head.
                  | [potion of mutation]
 56324 | Zot:4    | Lost mutation: You are strong-willed. (Will+) [potion of
                  | mutation]
 56324 | Zot:4    | Gained mutation: You have sharp toenails. [potion of
                  | mutation]
 56325 | Zot:4    | Lost mutation: Your spells are a little easier to cast, but
                  | a little less powerful. [potion of mutation]
 56325 | Zot:4    | Lost mutation: You have sharp toenails. [potion of
                  | mutation]
 56325 | Zot:4    | Gained mutation: Your tail ends in a venomous barb. [potion
                  | of mutation]
 56325 | Zot:4    | Lost mutation: You are dopey. (Int -2) [potion of mutation]
 56325 | Zot:4    | Gained mutation: You possess an exceptional clarity of
                  | mind. [potion of mutation]
 56348 | Zot:4    | Killed a dread lich
 56864 | Zot:5    | Entered Level 5 of the Realm of Zot
 57064 | Zot:5    | Received a gift from Okawaru
 57079 | Zot:5    | Reached skill level 23 in Shapeshifting
 57377 | Zot:5    | Found a transporter.
 57722 | Zot:5    | Noticed an orb of fire
 57723 | Zot:5    | Noticed an ancient lich
 57728 | Zot:5    | Killed an orb of fire
 57732 | Zot:5    | Noticed an orb of fire
 57733 | Zot:5    | Killed an ancient lich
 57741 | Zot:5    | Killed an orb of fire
 58032 | Zot:5    | Reached skill level 5 in Spellcasting
 58041 | Zot:5    | Noticed an orb of fire
 58042 | Zot:5    | Gained mutation: You have large cloven feet. [an orb of
                  | fire]
 58052 | Zot:5    | Killed an orb of fire
 58053 | Zot:5    | Reached XP level 27. HP: 245/245 MP: 10/32
 58152 | Zot:5    | Got the Orb of Zot
 58323 | Zot:2    | Noticed Parghit
 58710 | D:8      | Received a gift from Okawaru
 58742 | D:6      | Noticed Juniemn the pandemonium lord
 58751 | D:6      | Killed Juniemn the pandemonium lord
 58976 | D:1      | Lost mutation: You expend magic power (3 MP) to strengthen
                  | your wands. [potion of mutation]
 58976 | D:1      | Lost mutation: Your body sometimes deteriorates upon taking
                  | damage. [potion of mutation]
 58976 | D:1      | Lost mutation: You have large cloven feet. [potion of
                  | mutation]
 58976 | D:1      | Gained mutation: You have large cloven feet. [potion of
                  | mutation]
 58978 | D:$      | Escaped with the Orb!

Illustrated notes

Levels and vault maps discovered:
D:1:      lordsloth_arrival_two_stooges, layout_loops_ring
D:2:      minmay_recursive_quarters, layout_loops_corners, serial_shops, shop,
          dreamdust_wishing_well
D:3:      minmay_roachtagon, layout_basic, mainiacjoe_overflow_six_doors_small,
          minivault_5, minmay_pentomino_pile
D:4:      layout_gridville, mainiacjoe_overflow_brackets, temple_hall
D:5:      layout_cave_pools, gammafunk_ghost_gnarly_gnolls,
          nicolae_ossuary_entry_catacombs, minivault_23
D:6:      layout_basic, lemuel_mausoleum_altar_kikubaaqudgha,
          lemuel_crystal_altar, hangedman_decor_lopped
D:7:      layout_loops_ring
D:8:      layout_basic, dpeg_oklobed_lair, serial_shops, shop
D:9:      layout_cave_pools, minmay_overflow_temple_star_hex, serial_park,
          serial_park_avenue1, serial_park_tiny_pond, serial_park_gazebo
          [serial_park_minivault_5x5_3], serial_park_square1
          [serial_park_minivault_5x5_1]
D:10:     minmay_weird_star, layout_basic, minmay_orc_entry_temple_small
D:11:     layout_stronghold, kennysheep_cluttered_room
D:12:     layout_cave_pools, serial_park, serial_park_square2,
          serial_park_tiny_1, serial_park_tiny_pond, serial_park_tiny_1,
          uniq_sonja
D:13:     layout_basic, nicolae_vehumet_radiance, uniq_jorgrun
D:14:     layout_irregular_city, erik_vaults_1, okawaru_gym_becter,
          hellmonk_ghost_happy_afterlife
D:15:     grunt_enter_depths_giant_problem, layout_gridville,
          chequers_serial_rivers_micro_a, uniq_josephine
Temple:   nicolae_temple_figure_eight
Lair:1:   layout_cave_pods, serial_bayou_shore_a
Lair:2:   nzn_winding_woodlands_stair_cross
          [nzn_winding_woodlands_5x15_sawtooth,
          nzn_winding_woodlands_center_triple_pond,
          nzn_winding_woodlands_5x15_pockets, nzn_winding_woodlands_5x5_cross,
          nzn_winding_woodlands_5x5_closed_star,
          nzn_winding_woodlands_5x15_garden,
          nzn_winding_woodlands_center_pierced_h,
          nzn_winding_woodlands_5x15_pool], layout_regular_city,
          elwin_shoals_entry_rocks, uniq_gastronok
Lair:3:   layout_cave_pods, minmay_snake_entry_spellcaster, dreamdust_wasp_nest,
          grunt_megastairs_5
Lair:4:   layout_gridlike, grunt_megastairs_1, uniq_snorg
Lair:5:   evilmike_catoblepas_cave, layout_loops_ring,
          minmay_slime_entry_oklob_open, gammafunk_ghost_split, uniq_rupert
Shoals:1: layout_shoals, nicolae_take_the_stairs, uniq_frances, uniq_mlioglotl,
          uniq_louise, uniq_roxanne
Shoals:2: layout_shoals, ebering_ghost_reflecting_pool
Shoals:3: layout_shoals, portal_ice_cave_entry_ugly_swarm, uniq_polyphemus
Shoals:4: shoals_end_simple, layout_shoals, uniq_bai_suzhen
Snake:1:  layout_onion_interference, drop_trap, nicolae_snake_boneroom,
          minmay_shop_grove
Snake:2:  layout_rooms
Snake:3:  gammafunk_the_bubble [the_bubble_gammafunk_roulette],
          layout_misc_corridors, nicolae_snake_slithery_hallway
Snake:4:  grunt_snake_rune_serpentine_throne, layout_cave_town, uniq_nikola
Slime:1:  layout_caves
Slime:2:  layout_caves, basic_altar
Slime:3:  layout_caves
Slime:4:  layout_caves
Slime:5:  slime_pit_nicolae_inversion
Orc:1:    layout_caves, nicolae_orc_lava_room
Orc:2:    pf_orc_diabolical, layout_caves, nicolae_shop_overcharged_wands
Elf:1:    elf_arrival_001, layout_onion_city, hangedman_elf_disciples
Elf:2:    nicolae_elf_blades_crystal_corner, layout_onion_city,
          dk_noncrumbling_2
Elf:3:    elf_hall_gauntlet_narrow, layout_geoelf_castle, serial_shops,
          nicolae_shop_pleasant_corner_grove, grunt_ministairs_12, st_stairs_8,
          minivault_11, minivault_25_ag, minmay_shop_mayhem
Vaults:1: portal_desolation_entry_ruin, nicolae_vaults_double_plus_1,
          hangedman_vaults_capsules, v_misc_30, nicolae_vaults_prndl,
          nicolae_vaults_trapezoid_layered, nicolae_vaults_mitosis,
          ontoclasm_vaults_eye, ontoclasm_vaults_shuriken,
          nicolae_vaults_surprise_closet, grunt_vaults_diagonal,
          nicolae_vaults_little_squares_2, layout_vaults_maze_snakey
Vaults:2: ebering_ghost_disaster_area, dpeg_vaults_monster_box,
          nicolae_vaults_network_quinsquares
          [nicolae_vaults_network_quincunx_subvault,
          nicolae_vaults_network_quincunx_subvault,
          nicolae_vaults_network_quincunx_subvault,
          nicolae_vaults_network_quincunx_subvault],
          ontoclasm_vaults_loading_screen, v_misc_16,
          nicolae_vaults_specimen_jars, nicolae_vaults_network_square,
          nicolae_vaults_puzzle_piece, nicolae_vaults_little_ls,
          nicolae_vaults_tangram_1, v_misc_2, hangedman_vaults_trim,
          ontoclasm_vaults_hangar, v_alt_pattern_3,
          nicolae_vaults_little_squares_3, layout_vaults_omnibox, serial_shops,
          nicolae_shop_waterfront
Vaults:3: nicolae_vaults_shrinking_rooms_2, v_alt_pattern_4,
          nicolae_vaults_hexular_roomagon, ontoclasm_vaults_tryst,
          nicolae_vaults_more_shelving_2, v_misc_30,
          minmay_crypt_entry_simple_statues, hangedman_vaults_stagger,
          nicolae_vaults_double_plus_1, layout_vaults_big_room, serial_shops,
          nicolae_shop_advertising_works [nicolae_subvault_shop_adworks]
Vaults:4: vaults_mumra_hex, v_misc_33, nicolae_vaults_inception_scallops,
          nicolae_vaults_octothorpe, vaults_room_pools,
          dpeg_vaults_pockets_of_resistance, v_misc_12, hangedman_vaults_snaps,
          nicolae_vaults_house_1, nicolae_vaults_trapezoid_layered,
          nicolae_vaults_yaktaur_gun_rack, layout_vaults_omnigrid, serial_shops,
          shop
Vaults:5: serial_shops
Depths:1: layout_gridlike, trog_three_pillars_becter, hell_entry,
          tgw_lugonu_bribe, firewood_loft, kennysheep_random_hallway
Depths:2: minmay_stepped, layout_cave_pools, abyss_entry_small_statue_room,
          hell_entry, grunt_dithmenos_smoke, rand_demon_pan_entry_1,
          uniq_enchantress
Depths:3: ragdoll_tomb_raider, layout_cave_pools, ziggurat_fallback,
          nemelex_diamond_rough_becter, nicolae_abyss_entry_one_way_or_another,
          hell_entry, hex_large
Depths:4: grunt_zot_entry_alcove, layout_small_grid,
          serial_sigils_hangedman_gut, nicolae_hell_entry_hellmouth_sunbeams,
          special_room [special_room_jelly], rand_demon_pan_entry_7, uniq_mennas
Zot:1:    hangedman_orp_of_zott, layout_gridlike, st_stairs_2, zot_minivault_1
Zot:2:    gammafunk_its_a_trap, layout_gridlike, guppyfry_library_mini,
          uniq_parghit
Zot:3:    layout_cathedral_of_symmetry, nzn_random_ring, grunt_megastairs_2
Zot:4:    ebering_klown_carousel, layout_misc_corridors, uniq_grunn
Zot:5:    layout_concentric_octagons, nicolae_diode_basic

Skill      XL: |  1  2  3  4  5  6  7  8  9 10 11 12 13 14 15 16 17 18 19 20 21 22 23 24 25 26 27 |
---------------+----------------------------------------------------------------------------------+-----
Unarmed Combat | 3 4 5 7 9 11 13 15 16 17 18 19 20 21 | 21.5
Fighting       | 3 6 9 10 12 13 14 16 18 19 | 19.7
Shapeshifting  | 4 6 8 9 10 14 15 17 20 21 23 | 23.9
Invocations    | 2 5 6 7 9 13 | 13.1
Dodging        | 5 8 10 12 13 14 15 16 17 | 17.0
Stealth        | 2 5 10 | 10.9
Evocations     | 3 5 8 11 | 11.4
Translocations | 8 13 14 | 14.2
Shields        | 9 12 14 15 | 15.0
Spellcasting   | 3 6 8 |  8.8

Action                     |  1- 3 |  4- 6 |  7- 9 | 10-12 | 13-15 | 16-18 | 19-21 | 22-24 | 25-27 || total
---------------------------+-------+-------+-------+-------+-------+-------+-------+-------+-------++-------
  Melee: Unarmed           |    87 |   178 |   338 |   356 |   677 |  1308 |  1344 |  1621 |  1038 ||  6947
         Tailslap          |     6 |    23 |    50 |    54 |   146 |   221 |   275 |   336 |   198 ||  1309
         Punch             |     3 |    11 |    20 |    21 |    84 |    51 |       |       |       ||   190
         Constrict         |       |       |       |     6 |       |       |       |       |       ||     6
         Headbutt          |       |       |       |       |       |       |       |       |   148 ||   148
         Kick              |       |       |       |       |       |       |       |       |    42 ||    42
   Cast: Manifold Assault  |       |       |       |       |       |     3 |   129 |    68 |   111 ||   311
         Blink             |       |       |       |       |       |       |     1 |     6 |     4 ||    11
 Invoke: Heroism           |       |       |       |    12 |    19 |    20 |     9 |    15 |    12 ||    87
         Finesse           |       |       |       |       |     4 |     5 |     2 |    10 |     9 ||    30
  Evoke: Wand              |       |       |       |     3 |     4 |       |     1 |    11 |     4 ||    23
    Use: Potion            |       |     1 |     6 |     1 |     4 |     6 |       |     1 |    12 ||    31
         Scroll            |       |     9 |    11 |     4 |     6 |     6 |     4 |     6 |    11 ||    57
   Stab: Sleeping          |     2 |     3 |       |     3 |    13 |    21 |    17 |    11 |     3 ||    73
         Paralysed         |       |       |       |       |     1 |       |       |       |       ||     1
         Invisible         |       |       |       |       |     1 |     3 |       |       |     5 ||     9
         Distracted        |       |       |       |       |     1 |     6 |       |     7 |     2 ||    16
         Petrified         |       |       |       |       |       |     3 |       |       |       ||     3
 Armour: Skin              |    31 |    51 |   111 |    64 |    95 |   550 |   582 |   596 |   387 ||  2467
  Dodge: Dodged            |    53 |    94 |   156 |   211 |   360 |  1082 |  1128 |  1434 |  1072 ||  5590
  Block: Other             |       |       |       |    24 |   101 |   107 |       |       |       ||   232
         Reflection        |       |       |       |       |     3 |    43 |       |       |       ||    46
         Tower shield      |       |       |       |       |       |   288 |       |       |       ||   288
         Kite shield       |       |       |       |       |       |   715 |  1280 |  1414 |   984 ||  4393
   Form: Blade             |       |       |     1 |     1 |     3 |       |       |       |       ||     5
                           |       |       |     1 |       |       |     1 |     1 |     1 |       ||     4
         Beast             |       |       |     1 |       |       |       |       |       |       ||     1
         Anaconda          |       |       |       |     1 |     3 |       |       |       |       ||     4
         Statue            |       |       |       |       |       |     2 |     1 |     1 |       ||     4

Table legend: (Time is in decaauts)
 A = Elapsed time spent in this place.
 B = Non-inter-level travel time spent in this place.
 C = Inter-level travel time spent in this place.
 D = Time resting spent in this place.
 E = Time spent auto-exploring this place.
 F = Levels seen in this place.
 G = Mean time per level.
                   A        B        C        D        E       F      G
               +--------+--------+--------+--------+--------+-----+--------+
         Total |  70765 |  63384 |   7381 |   9102 |  35911 |  61 | 1160.1 |
       Dungeon |  16408 |  13471 |   2937 |   1770 |   8853 |  15 | 1093.9 |
        Temple |     66 |      4 |     62 |      0 |      0 |   1 |   66.0 |
          Lair |   8762 |   7544 |   1218 |   1246 |   4653 |   5 | 1752.4 |
        Shoals |   4593 |   4237 |    356 |    177 |   2182 |   4 | 1148.2 |
     Snake Pit |   6497 |   6032 |    465 |   1879 |   2529 |   4 | 1624.2 |
    Slime Pits |   1556 |   1445 |    111 |    300 |    271 |   5 |  311.2 |
  Orcish Mines |   2005 |   1783 |    222 |    203 |   1055 |   2 | 1002.5 |
   Elven Halls |   6873 |   6412 |    461 |    621 |   4524 |   3 | 2291.0 |
        Vaults |   9521 |   8787 |    734 |    346 |   6148 |   5 | 1904.2 |
        Depths |   6996 |   6466 |    530 |   1085 |   3507 |   4 | 1749.0 |
           Zot |   4594 |   4313 |    281 |   1113 |   1785 |   5 |  918.8 |
         Abyss |   1747 |   1747 |      0 |     55 |    249 |   6 |  291.2 |
       Ossuary |    309 |    309 |      0 |    145 |     30 |   1 |  309.0 |
      Ice Cave |    831 |    831 |      0 |    157 |    123 |   1 |  831.0 |
               +--------+--------+--------+--------+--------+-----+--------+

Top non-repeatable levels by time:
   Elf:2: 2999 daAuts
Vaults:4: 2637 daAuts
 Snake:4: 2222 daAuts
   Elf:3: 2057 daAuts
  Lair:1: 2028 daAuts
Depths:4: 1953 daAuts
Vaults:5: 1912 daAuts
Vaults:2: 1864 daAuts
Depths:1: 1820 daAuts
   Elf:1: 1817 daAuts
 Snake:1: 1792 daAuts
  Lair:5: 1786 daAuts
     D:8: 1770 daAuts
  Lair:2: 1725 daAuts
   Zot:5: 1722 daAuts
